 Dungeon Crawl Stone Soup version 0.29-a0-892-g2c4c91d9db (webtiles) character file.

Game seed: 43405264950321324

1080 Sedgwick the Firebug (level 8, 57/62 HPs)
             Began as a Yellow Draconian Fire Elementalist on Apr 22, 2022.
             Was a Priest of Jiyva.
             Quit the game on level 5 of the Dungeon on July 23, 2022.
             The game lasted 00:52:55 (2942 turns).

Sedgwick the Firebug (DrFE)                         Turns: 2942, Time: 00:52:56

Health: 57/62      AC:  9    Str: 10    XL:     8   Next: 8%
Magic:  14/14      EV: 12    Int: 18    God:    Jiyva [***...]
Gold:   96         SH:  0    Dex: 12    Spells: 14/15 levels left

rFire   . . .      SeeInvis .   p - +4 quarterstaff (chaos)
rCold   . . .      Faith    .   (shield currently unavailable)
rNeg    . . .      Spirit   .   (body armour unavailable)
rPois   .          Reflect  .   (helmet unavailable)
rElec   .          Harm     .   q - +0 cloak
rCorr   +          Rampage  .   r - +0 pair of gloves
Will    .....                   k - +0 pair of boots
Stlth   ++........              m - amulet of the acrobat
HPRegen 1.32/turn               o - ring of wizardry
MPRegen 0.49/turn               (no ring)

@: flying
A: spit acid, AC +6, unfitting armour, cold-blooded, acid resistance, big wings,
horns 3
a: Breathe Acid, Renounce Religion, Oozemancy


You were on level 5 of the Dungeon.
You worshipped Jiyva.
Jiyva was most pleased with you.
You visited 2 branches of the dungeon, and saw 7 of its levels.
You also visited: Ossuary.

You collected 96 gold pieces.

Inventory:

Hand Weapons
 b - the +7 quarterstaff of the Imperium {vorpal, rC+}
   (You found it on level 2 of the Dungeon)

   It inflicts extra damage upon your enemies.
   rC:        It protects you from cold.
 i - a +1 short sword of venom
 p - a +4 quarterstaff of chaos (weapon)
 u - a +2 dagger of electrocution
Missiles
 f - 3 javelins
Armour
 k - a +0 pair of boots (worn)
 q - a +0 cloak (worn)
 r - a +0 pair of gloves (worn)
Jewellery
 d - an amulet of reflection
 m - an amulet of the acrobat (around neck)
 o - a ring of wizardry (left hand)
Wands
 l - a wand of iceblast (13)
 s - a wand of polymorph (12)
Scrolls
 e - a scroll of enchant armour {unknown}
 j - 2 scrolls of enchant weapon {unknown}
 n - a scroll of immolation {unknown}
 t - a scroll of fog {unknown}
Potions
 a - 2 potions of magic
 c - 2 potions of flight {unknown}
 g - a potion of might {unknown}
 h - 2 potions of heal wounds
 w - 2 potions of berserk rage


   Skills:
 + Level 2.7 Fighting
 - Level 1.7 Dodging
 + Level 3.0 Stealth
 + Level 4.1 Spellcasting
 + Level 3.8 Conjurations
 * Level 6.7 Fire Magic
 + Level 2.3 Evocations


You had 14 spell levels left.
You knew the following spells:

 Your Spells              Type           Power      Damage    Failure   Level
a - Foxfire               Conj/Fire      88%        2x1d8     1%          1

Your spell library contained the following spells:

 Spells                   Type           Power      Damage    Failure   Level
 Scorch                   Fire           56%        2d7       1%          2
 Conjure Flame            Conj/Fire      22%        6-21      1%          3
 Inner Flame              Hex/Fire       15%        N/A       4%          3
 Flame Wave               Conj/Fire      22%        2d7       6%          4


Dungeon Overview and Level Annotations

Branches:
Dungeon (6/15)             Temple (1/1) D:4         Ossuary (visited)

Altars:
Ashenzari
Cheibriados
Dithmenos
Fedhas
Gozag
Hepliaklqana
Kikubaaqudgha
Makhleb
Nemelex Xobeh
Okawaru
Ru
Sif Muna
Trog
Uskayaw
Vehumet
Wu Jian
Xom
Yredelemnul
Zin
The Shining One
Jiyva

Shops:
D:2 (


Innate Abilities, Weirdness & Mutations

You can spit globs of acid.
Your golden yellow scales are hard. (AC +6)
You cannot fit into any form of body armour.
You are cold-blooded and may be slowed by cold attacks.
You are resistant to acid. (rCorr)
Your large and strong wings let you fly.
You have a pair of large horns on your head.


Message History

Dowan is almost dead.
Dowan hits you with a +0 dagger.
You thump Dowan! You burn Dowan.
You kill Dowan!
You flicker back into view.
You hear a distant slurping noise.
g - a lumpy orange potion
Things that are here:
a +0 dagger; a +0 robe; the elf corpse of Dowan
Things that are here:
a +0 dagger; a +0 robe; the elf corpse of Dowan An iguana comes into view.
You hear a distant slurping noise.
You see here 13 stones.
The iguana hisses angrily.
Things that are here:
a +0 short sword; a +3 leather armour; the elf corpse of Duvessa The iguana misses you.
You hear a distant slurping noise.
You sock the iguana!
The iguana seems to speed up.
The iguana is heavily wounded.
The iguana barely misses you. The iguana misses you.
You closely miss the iguana.
The iguana is heavily wounded.
The iguana bites you but does no damage. x2
You hit the iguana. You freeze the iguana.
You tail-slap the iguana, but do no damage.
The iguana is almost dead.
The iguana bites you but does no damage.
The iguana hisses menacingly.
The iguana bites you!
You sock the iguana!
You kill the iguana!
You have got your breath back.
Your Stealth skill increases to level 3!
Save game and exit?
Welcome back, Sedgwick the Yellow Draconian Fire Elementalist.
Slime for the Slime God!
Press ? for a list of commands and other information.
Are you sure you want to abandon this character and quit the game? (Confirm with "yes".)

.###...## .......#
......# .....+ ....# .
... . +### ###'# #+####
.#
....###...#####....##.##
........)@[............#
......................#
........(.............#
####.......##..>....##
#.[.....##.......#
#.........#......>.#
#..<..>...#........#
+.........#........#
###+##...###########


There were no monsters in sight!

Vanquished Creatures
  Sigmund (D:2)
  Duvessa (D:5)
  An ogre (D:4)
  A phantom (D:4)
  3 elf zombies (Ossuary)
  A scorpion (D:4)
  Dowan (D:5)
  2 centaur zombies (Ossuary)
  2 orc priests
  Crazy Yiuf (D:2)
  Natasha (twice) (D:3)
  An orc wizard (D:4)
  2 iguanas
  A hound zombie (Ossuary)
  3 mummies (Ossuary)
  4 adders
  A white imp (D:6)
  A worm (D:4)
  A dart slug (D:4)
  7 orcs
  An endoplasm (D:1)
  2 giant cockroaches
  A gnoll zombie (Ossuary)
  3 goblins
  4 hobgoblins
  3 ball pythons
  3 bats
  4 frilled lizards
  2 goblin zombies (Ossuary)
  2 hobgoblin zombies (Ossuary)
  2 jackal zombies (Ossuary)
  5 kobolds
  2 kobold zombies (Ossuary)
  An orc zombie (Ossuary)
  3 quokka zombies (Ossuary)
  2 rats
  A rat zombie (Ossuary)
  2 foxfires (D:4)
80 creatures vanquished.

Vanquished Creatures (others)
  3 jellies
  A centaur zombie (Ossuary)
  2 orc priests (D:4)
  An orc wizard (D:4)
  An iguana (D:4)
  Natasha (D:3)
  A hound zombie (Ossuary)
  An adder (D:4)
  A white imp (D:6)
  2 adder zombies (Ossuary)
  2 dart slugs
  3 orcs (D:4)
  A ball python (D:4)
  A giant cockroach (D:3)
  A goblin (D:3)
  A frilled lizard (D:3)
  2 goblin zombies (Ossuary)
  2 hobgoblin zombies (Ossuary)
  3 jackal zombies (Ossuary)
  2 kobold zombies (Ossuary)
  A quokka zombie (Ossuary)
  A rat zombie (Ossuary)
  153 foxfires
  4 plants (D:1)
191 creatures vanquished.

Grand Total: 271 creatures vanquished

Notes
Turn   | Place    | Note
-------+----------+-------------------------------------------
     0 | D:1      | Sedgwick the Draconian Fire Elementalist began the quest
                  | for the Orb.
     0 | D:1      | Reached XP level 1. HP: 14/14 MP: 3/3
   479 | D:2      | Reached XP level 2. HP: 20/20 MP: 3/5
   551 | D:2      | Identified the +7 quarterstaff of the Imperium {vorpal,
                  | rC+}
   566 | D:2      | Found a faded altar of an unknown god.
   572 | D:2      | Prayed at the altar of an unknown god.
   572 | D:2      | Became a worshipper of Jiyva Jucoyry the Shapeless
   572 | D:2      | Reached * piety under Jiyva
   624 | D:2      | Found Wisor's Antique Weapon Emporium.
   662 | D:2      | Noticed Sigmund
   683 | D:2      | Killed Sigmund
   684 | D:2      | Reached skill level 4 in Fire Magic
   684 | D:2      | Reached XP level 3. HP: 26/26 MP: 3/7
   684 | D:2      | Reached XP level 4. HP: 33/33 MP: 3/8
   684 | D:2      | Reached XP level 5. HP: 38/38 MP: 3/9
   915 | D:2      | Reached ** piety under Jiyva
  1107 | D:2      | Found a runed translucent door.
  1108 | D:2      | Noticed Crazy Yiuf
  1127 | D:2      | Killed Crazy Yiuf
  1128 | D:2      | Reached skill level 5 in Fire Magic
  1261 | D:3      | Noticed Natasha
  1272 | D:3      | Killed Natasha
  1278 | D:3      | Reached XP level 6. HP: 45/45 MP: 10/10
  1342 | D:3      | Noticed Natasha
  1350 | D:3      | Killed Natasha
  1390 | D:3      | Killed Natasha
  1588 | D:3      | Reached *** piety under Jiyva
  1975 | D:4      | Gained mutation: You have a pair of small horns on your
                  | head. [Jiyva's grace]
  1975 | D:4      | Gained mutation: You have a pair of horns on your head.
                  | [Jiyva's grace]
  1975 | D:4      | Gained mutation: You have a pair of large horns on your
                  | head. [Jiyva's grace]
  1975 | D:4      | Gained mutation: Your large and strong wings let you fly.
                  | [Jiyva's grace]
  2032 | D:4      | Reached skill level 1 in Fighting
  2058 | D:4      | Found a sand-covered staircase.
  2067 | Ossuary  | Entered an ossuary
  2112 | Ossuary  | Reached skill level 1 in Evocations
  2130 | Ossuary  | Reached skill level 6 in Fire Magic
  2130 | Ossuary  | Your scales start taking on a golden yellow colour.
  2130 | Ossuary  | Reached XP level 7. HP: 42/52 MP: 12/12
  2130 | Ossuary  | Gained mutation: You are resistant to acid. (rCorr) [Yellow
                  | Draconian growth]
  2382 | D:4      | Found a staircase to the Ecumenical Temple.
  2398 | Temple   | Entered the Ecumenical Temple
  2837 | D:4      | You are sucked into a shaft and drop 2 floors!
  2898 | D:5      | Entered Level 5 of the Dungeon
  2908 | D:5      | Noticed Duvessa
  2908 | D:5      | Noticed Dowan
  2920 | D:5      | Killed Duvessa
  2921 | D:5      | Reached XP level 8. HP: 62/62 MP: 14/14
  2928 | D:5      | Killed Dowan
  2942 | D:5      | Upgraded the game from 0.29-a0-350-g7790a0e70a to
                  | 0.29-a0-892-g2c4c91d9db
  2942 | D:5      | Quit the game

Illustrated notes

Levels and vault maps discovered:
D:1:      nzn_arrival_depleted_hourglass, layout_rooms, serial_bayou_lagoon_a,
          chequers_serial_rivers_room_b
D:2:      layout_basic, shapermc_ecumenical_altar_acropolis, serial_shops,
          nicolae_shop_trees, minmay_parallelograms, uniq_crazy_yiuf_cottage,
          uniq_sigmund
D:3:      layout_basic, uniq_natasha
D:4:      layout_cave_pools, minmay_temple_entry_junction_2,
          nicolae_ossuary_entry_monument, serial_column_ruins,
          column_ruins_circle_large, column_ruins_grid_1,
          column_ruins_open_medium, column_ruins_columns_straight,
          column_ruins_columns_corner, column_ruins_open_tiny,
          column_ruins_open_tiny
D:5:      layout_gridville, uniq_duvessa
D:6:      layout_loops_ring, serial_shops, nicolae_shop_hallway_plus
Temple:   mainiacjoe_temple_cubbyholes

Skill      XL: |  1  2  3  4  5  6  7  8 |
---------------+-------------------------+-----
Spellcasting   | 3 4 |  4.1
Conjurations   | 2 3 |  3.8
Fire Magic     | 4 5 6 |  6.7
Fighting       | 1 2 |  2.7
Stealth        | 2 3 |  3.0
Evocations     | 1 2 |  2.3
Dodging        | |  1.7

Action                   |  1- 3 |  4- 6 |  7- 9 || total
-------------------------+-------+-------+-------++-------
Melee: Dagger            |    13 |       |       ||    13
       Club              |     2 |       |       ||     2
       Tailslap          |     2 |     8 |    10 ||    20
       Punch             |     1 |       |       ||     1
       Quarterstaff      |     5 |    65 |    60 ||   130
       Headbutt          |       |     5 |    10 ||    15
 Cast: Foxfire           |    17 |    40 |    30 ||    87
Invok: Oozemancy         |       |     2 |       ||     2
 Abil: Breathe Acid      |       |       |     1 ||     1
  Use: Scroll            |     2 |     1 |     2 ||     5
       Potion            |       |     1 |     1 ||     2
 Stab: Sleeping          |       |     2 |       ||     2
       Invisible         |       |       |     1 ||     1
Armor: Skin              |     9 |    23 |    41 ||    73
Dodge: Dodged            |    10 |    55 |    46 ||   111
Block: Other             |     2 |       |       ||     2

Table legend: (Time is in decaauts)
 A = Elapsed time spent in this place.
 B = Non-inter-level travel time spent in this place.
 C = Inter-level travel time spent in this place.
 D = Time resting spent in this place.
 E = Time spent auto-exploring this place.
 F = Levels seen in this place.
 G = Mean time per level.
                   A        B        C        D        E       F      G
               +--------+--------+--------+--------+--------+-----+--------+
         Total |   2984 |   2874 |    110 |     63 |    780 |   8 |  373.0 |
       Dungeon |   2375 |   2302 |     73 |     63 |    487 |   6 |  395.8 |
        Temple |    338 |    301 |     37 |      0 |    293 |   1 |  338.0 |
       Ossuary |    270 |    270 |      0 |      0 |      0 |   1 |  270.0 |
               +--------+--------+--------+--------+--------+-----+--------+

Top non-repeatable levels by time:
     D:3: 796 daAuts
     D:2: 720 daAuts
     D:1: 455 daAuts
  Temple: 338 daAuts
     D:4: 292 daAuts
 Ossuary: 270 daAuts
     D:6: 63 daAuts
     D:5: 47 daAuts
